[Event "Czech open A"]
[Site "?"]
[Date "2013.07.26"]
[Round "8.89"]
[White "Sochacki, Wojtek"]
[Black "Stahnecker, Ludwig"]
[Result "1-0"]
[ECO "B23"]
[WhiteElo "2264"]
[BlackElo "2117"]
[PlyCount "177"]
[EventDate "2013.??.??"]
[TimeControl "6000+1230"]
[WhiteClock "0:51:30"]
[BlackClock "0:16:44"]

1. e4 c5 2. Nc3 e6 3. Nge2 a6 4. g3 Nc6 5. Bg2 Nf6 6. O-O Be7 7. d4 cxd4 8.
Nxd4 Qc7 9. Re1 Nxd4 10. Qxd4 Bc5 11. Qd1 h5 12. Be3 Bxe3 13. Rxe3 Ng4 14. Re1
Qb6 15. Qd2 O-O 16. h3 Ne5 17. b3 d6 18. Rad1 Rd8 19. Na4 Qa7 20. Qa5 Nc6 21.
Qb6 e5 22. Re2 Be6 23. Red2 Qb8 24. c3 a5 25. Bf1 f5 26. exf5 Bxf5 27. Qe3 b5
28. Nb6 Ra6 29. Nd5 Ra7 30. Qg5 Rf7 31. Qxh5 Be4 32. Bg2 Bxg2 33. Kxg2 b4 34.
cxb4 axb4 35. Qh4 Rdf8 36. Qe4 Qa7 37. Ne3 Nd4 38. Ng4 Qc5 39. h4 Rf5 40. Ne3
Rf3 41. Qd5+ R3f7 42. Qxc5 dxc5 43. Rc1 Rc8 44. Ng4 Re7 45. f4 Nb5 46. Nxe5 Ra7
47. Rcd1 Raa8 48. Nd7 Nc3 49. Nb6 Nxd1 50. Nxc8 Nc3 51. Nb6 Rxa2 52. Rxa2 Nxa2
53. Na4 Nc1 54. Nxc5 Kf7 55. Kf3 Ke7 56. Na6 Nxb3 57. Nxb4 Ke6 58. Nc2 Nd2+ 59.
Kg4 Ne4 60. Ne3 Kf6 61. Kf3 Nd2+ 62. Ke2 Ne4 63. g4 Kg6 64. Nc4 Nc5 65. Ke3 Kf6
66. Nd6 Nd7 67. Kd4 Nf8 68. Ne4+ Kf7 69. h5 Ke6 70. Nc5+ Kd6 71. f5 Nh7 72.
Ne4+ Ke7 73. Ke5 Nf8 74. Nc5 Nh7 75. Kf4 Nf6 76. Ne4 Nd7 77. g5 Kf7 78. Nc3 Nc5
79. g6+ Kg8 80. Nd5 Nd7 81. Kg5 Kh8 82. Ne3 Kg8 83. Ng4 Kh8 84. h6 Kg8 85. h7+
Kh8 86. Nh6 Ne5 87. Nf7+ Nxf7+ 88. gxf7 Kxh7 89. f8=Q 1-0

[Event "Czech open A"]
[Site "?"]
[Date "2013.07.26"]
[Round "8.90"]
[White "Klukin, Kirill"]
[Black "Kokol, Peter"]
[Result "0-1"]
[ECO "A05"]
[WhiteElo "1983"]
[BlackElo "2260"]
[PlyCount "88"]
[EventDate "2013.??.??"]
[TimeControl "6000+745"]
[WhiteClock "0:31:12"]
[BlackClock "0:25:26"]

1. Nf3 Nf6 2. c4 c5 3. Nc3 g6 4. e3 Bg7 5. d4 O-O 6. Be2 d5 7. cxd5 Nxd5 8. Qb3
Nxc3 9. bxc3 Nc6 10. O-O Qc7 11. Ba3 Na5 12. Qb5 b6 13. dxc5 Bd7 14. Qb4 Rfc8
15. cxb6 axb6 16. Rad1 Nc6 17. Qb2 Qa7 18. Bb4 Nxb4 19. Qxb4 Bxc3 20. Qxe7 Be6
21. Qxa7 Rxa7 22. Rb1 Rxa2 23. Bd1 Bf5 24. Rxb6 Bd3 25. Bb3 Rb2 26. Rc1 Bc4 27.
Nd4 Bxd4 28. exd4 Ra8 29. Bxc4 Rxb6 30. Be2 Ra2 31. Bf3 Rd2 32. d5 Rbb2 33. Rf1
f5 34. h4 Kg7 35. g3 Kf6 36. Bg2 h6 37. Bf3 g5 38. hxg5+ Kxg5 39. Bh1 Kg4 40.
Bg2 h5 41. Bh1 h4 42. gxh4 Kxh4 43. Bf3 Kg5 44. Bh1 Kg4 0-1

[Event "Czech open A"]
[Site "?"]
[Date "2013.07.26"]
[Round "8.91"]
[White "Krapivin, Vladislav"]
[Black "Jeitz, Christian"]
[Result "1/2-1/2"]
[ECO "B24"]
[WhiteElo "2340"]
[BlackElo "2222"]
[PlyCount "52"]
[EventDate "2013.??.??"]
[TimeControl "6000+740"]
[WhiteClock "0:44:49"]
[BlackClock "0:44:00"]

1. e4 c5 2. Nc3 Nc6 3. g3 g6 4. Bg2 Bg7 5. d3 e6 6. Be3 d6 7. f4 Nge7 8. Nf3
O-O 9. O-O Rb8 10. d4 cxd4 11. Nxd4 Qb6 12. Nce2 Qxb2 13. c4 Nxd4 14. Bxd4
Bxd4+ 15. Nxd4 a6 16. Rf2 Qa3 17. Qd2 b5 18. cxb5 axb5 19. f5 exf5 20. exf5
Nxf5 21. Nxf5 Bxf5 22. Rxf5 gxf5 23. Qg5+ Kh8 24. Qf6+ Kg8 25. Qg5+ Kh8 26.
Qf6+ Kg8 1/2-1/2

[Event "Czech open A"]
[Site "?"]
[Date "2013.07.26"]
[Round "8.92"]
[White "Jedlicka, Ales"]
[Black "Chudinovskikh, Alexander M"]
[Result "1/2-1/2"]
[ECO "A61"]
[WhiteElo "2226"]
[BlackElo "2320"]
[PlyCount "22"]
[EventDate "2013.??.??"]
[TimeControl "6000+5"]
[WhiteClock "1:34:31"]
[BlackClock "1:33:46"]

1. d4 Nf6 2. c4 c5 3. d5 e6 4. Nc3 exd5 5. cxd5 d6 6. Nf3 g6 7. h3 Bg7 8. e4
O-O 9. Bd3 a6 10. a4 Nh5 11. O-O Nd7 1/2-1/2

[Event "Czech open A"]
[Site "?"]
[Date "2013.07.27"]
[Round "9.45"]
[White "Rzayev, Bahruz"]
[Black "Valli, Frans"]
[Result "1-0"]
[ECO "B01"]
[WhiteElo "2429"]
[BlackElo "2237"]
[PlyCount "53"]
[EventDate "2013.??.??"]
[TimeControl "6000+1245"]
[WhiteClock "0:54:40"]
[BlackClock "0:09:11"]

1. e4 d5 2. exd5 Qxd5 3. Nc3 Qd6 4. d4 Nf6 5. Bd3 c6 6. Nge2 Bg4 7. f3 Bh5 8.
Bf4 Qd8 9. Qd2 e6 10. Ne4 Be7 11. O-O-O O-O 12. h4 Nxe4 13. Bxe4 Nd7 14. g4 Bg6
15. h5 Bxe4 16. fxe4 h6 17. Kb1 Nf6 18. Qd3 Nh7 19. Nc3 Qd7 20. e5 Ng5 21. Bxg5
Bxg5 22. Ne4 Qe7 23. Rhf1 Rad8 24. Nd6 f6 25. Qc4 fxe5 26. dxe5 Kh8 27. a4 1-0

[Event "Czech open A"]
[Site "?"]
[Date "2013.07.27"]
[Round "9.46"]
[White "Matsenko, Andrei"]
[Black "Sipila, Vilka"]
[Result "0-1"]
[ECO "C03"]
[WhiteElo "2235"]
[BlackElo "2423"]
[PlyCount "58"]
[EventDate "2013.??.??"]
[TimeControl "6000+630"]
[WhiteClock "0:27:44"]
[BlackClock "0:51:22"]

1. e4 e6 2. d4 d5 3. Nd2 Be7 4. exd5 exd5 5. Bd3 Nf6 6. Ne2 O-O 7. O-O Re8 8.
Ng3 c5 9. dxc5 Bxc5 10. c3 Ng4 11. Nf3 Nc6 12. Qc2 g6 13. Bg5 Qb6 14. b4 Bd6
15. a3 Be6 16. c4 dxc4 17. Bxc4 a5 18. Bxe6 Rxe6 19. bxa5 Rxa5 20. Bd2 Rxa3 21.
Rxa3 Bxa3 22. h3 Nxf2 23. Rxf2 Bc5 24. Bc3 Re3 25. Ne4 Rxe4 26. Qxe4 Bxf2+ 27.
Kf1 Bc5 28. Ne5 Qb3 29. Nxc6 Qxc3 0-1

[Event "Czech open A"]
[Site "?"]
[Date "2013.07.27"]
[Round "9.47"]
[White "Mazur, Stefan"]
[Black "Gergel, Vladimir"]
[Result "1-0"]
[ECO "C78"]
[WhiteElo "2409"]
[BlackElo "2229"]
[PlyCount "101"]
[EventDate "2013.??.??"]
[TimeControl "6000+1230"]
[WhiteClock "0:07:03"]
[BlackClock "0:13:12"]

1. e4 e5 2. Nf3 Nc6 3. Bb5 a6 4. Ba4 Nf6 5. O-O b5 6. Bb3 Bc5 7. c3 d6 8. d4
Bb6 9. h3 O-O 10. a4 Rb8 11. axb5 axb5 12. Na3 Bd7 13. Bg5 Qe8 14. Re1 Kh8 15.
Nc2 Ng8 16. Ne3 f6 17. Bh4 Na5 18. Bc2 Nc4 19. Nxc4 bxc4 20. Nd2 Bb5 21. Nf1
Ne7 22. Ne3 Ra8 23. Qd2 Qc6 24. Rxa8 Rxa8 25. Nd5 Ng6 26. Bg3 Qe8 27. h4 Nf8
28. f4 Nd7 29. fxe5 dxe5 30. Rf1 Ba5 31. dxe5 Nxe5 32. Bxe5 Qxe5 33. Rf5 Qg3
34. e5 c6 35. Rh5 f5 36. Rg5 Qxe5 37. Rxf5 Qg3 38. Rh5 Qd6 39. Rxh7+ Kg8 40.
Qd4 Qg3 41. Ne7+ Kf7 42. Bg6+ Ke6 43. Qe4+ Kd7 44. Nd5 Bd8 45. Qf5+ Kd6 46.
Qf8+ Kxd5 47. Rh5+ Ke6 48. Bf5+ Ke5 49. Qe8+ Kd5 50. Qd7+ Qd6 51. Bg6+ 1-0

[Event "Czech open A"]
[Site "?"]
[Date "2013.07.27"]
[Round "9.48"]
[White "Galego, Luis"]
[Black "Grigorian, Spartak"]
[Result "1-0"]
[ECO "B50"]
[WhiteElo "2488"]
[BlackElo "2131"]
[PlyCount "108"]
[EventDate "2013.??.??"]
[TimeControl "6000+1600"]
[WhiteClock "1:14:45"]
[BlackClock "0:46:55"]

1. e4 c5 2. Nf3 d6 3. c3 Nf6 4. Be2 Bd7 5. d3 Bc6 6. Bg5 Nbd7 7. Nbd2 Qc7 8.
O-O e6 9. Rc1 Be7 10. Re1 h6 11. Bh4 g5 12. Bg3 Nh5 13. d4 Nxg3 14. hxg3 b6 15.
b4 Bb7 16. Bd3 h5 17. bxc5 bxc5 18. Qa4 Bc6 19. Bb5 Bxb5 20. Qxb5 g4 21. Nh2
Rb8 22. Qa4 Bg5 23. Rcd1 Kf8 24. Nb3 Nb6 25. Qa5 Be7 26. Nf1 h4 27. gxh4 Rxh4
28. g3 Rh5 29. Ne3 Qb7 30. d5 exd5 31. exd5 Nxd5 32. Nxd5 Rxd5 33. Rxd5 Qxd5
34. Qxa7 Rb7 35. Qa8+ Kg7 36. Qc8 Ra7 37. Qxg4+ Qg5 38. Qe2 Bf6 39. c4 Re7 40.
Qd1 Rxe1+ 41. Qxe1 d5 42. Qe2 d4 43. Qe4 Qh5 44. Kg2 Bd8 45. a4 Qd1 46. Nxc5
Bb6 47. Nd3 Qxa4 48. c5 Bc7 49. Qd5 Kf8 50. Ne1 f6 51. Nf3 Be5 52. c6 d3 53.
Nxe5 fxe5 54. c7 d2 1-0

[Event "Czech open A"]
[Site "?"]
[Date "2013.07.27"]
[Round "9.49"]
[White "Shemeakin, Alexander"]
[Black "Toth, Ervin"]
[Result "0-1"]
[ECO "E70"]
[WhiteElo "2299"]
[BlackElo "2471"]
[PlyCount "90"]
[EventDate "2013.??.??"]
[TimeControl "6000+1595"]
[WhiteClock "0:33:10"]
[BlackClock "0:49:35"]

1. d4 Nf6 2. c4 g6 3. Nc3 Bg7 4. e4 d6 5. Nge2 O-O 6. Ng3 e5 7. d5 a5 8. Be2
Na6 9. O-O h5 10. Bg5 Qe8 11. Re1 Nh7 12. Be3 Qe7 13. Nf1 h4 14. h3 f5 15. exf5
gxf5 16. f4 Bd7 17. Qd2 Kh8 18. Nh2 Rg8 19. Nf3 Bf6 20. Bf1 Rae8 21. Rad1 Qg7
22. Kh1 e4 23. Nd4 Nc5 24. Ncb5 Nd3 25. Qxa5 Bxb5 26. Nxb5 Re7 27. Re2 b6 28.
Qa3 Nxb2 29. Rd4 Nd3 30. Rxd3 exd3 31. Qxd3 Re4 32. Bd2 Rge8 33. Rf2 Kg8 34.
Qb1 Nf8 35. Rf3 R8e7 36. Qd1 Qg6 37. Bd3 Rg7 38. g4 hxg3 39. Kg2 Qh5 40. Qc2
Ng6 41. Bxe4 Nh4+ 42. Kg1 Nxf3+ 43. Bxf3 Qxf3 44. Be1 g2 45. Bf2 Qxh3 0-1

[Event "Czech open A"]
[Site "?"]
[Date "2013.07.27"]
[Round "9.50"]
[White "Tate, Alan"]
[Black "Akesson, Ralf"]
[Result "0-1"]
[ECO "B42"]
[WhiteElo "2277"]
[BlackElo "2469"]
[PlyCount "108"]
[EventDate "2013.??.??"]
[TimeControl "6000+1690"]
[WhiteClock "0:00:46"]
[BlackClock "0:07:09"]

1. e4 c5 2. Nf3 e6 3. d4 cxd4 4. Nxd4 a6 5. Bd3 g6 6. c4 Bg7 7. Nb3 d6 8. O-O
Nf6 9. Nc3 O-O 10. Be2 Qe7 11. Bf4 Ne8 12. Qd2 Nd7 13. Rad1 Ne5 14. Be3 Nd7 15.
Nd4 Rb8 16. b4 Ne5 17. Nb3 b6 18. c5 dxc5 19. bxc5 b5 20. f4 Nc6 21. e5 f5 22.
Bf3 Bb7 23. Qd7 Qxd7 24. Rxd7 Ba8 25. Rfd1 g5 26. Bxc6 Bxc6 27. Re7 gxf4 28.
Bxf4 Rc8 29. Rxe6 b4 30. Ne2 Rf7 31. Ned4 Be4 32. Rxa6 Nc7 33. Ra7 Rd8 34. Bg5
Rc8 35. Bf4 Rd8 36. Rd2 Re8 37. Rxc7 Rxc7 38. e6 Rcc8 39. Bd6 Bh6 40. Re2 Bd3
41. Re5 Ra8 42. e7 Rxa2 43. Nxf5 Bf4 44. Re1 Bg5 45. Nfd4 Bc4 46. Re5 Bf6 47.
Rf5 Kg7 48. Rf3 Bxb3 49. Nxb3 Bxe7 50. Be5+ Kg6 51. Bd4 Bg5 52. h3 Ree2 53. Rg3
Kf5 54. Rf3+ Ke4 0-1

[Event "Czech open A"]
[Site "?"]
[Date "2013.07.27"]
[Round "9.51"]
[White "Jorczik, Julian Marcel"]
[Black "Bystrov, Sergej M"]
[Result "1-0"]
[ECO "D15"]
[WhiteElo "2422"]
[BlackElo "2273"]
[PlyCount "95"]
[EventDate "2013.??.??"]
[TimeControl "6000+1250"]
[WhiteClock "0:05:21"]
[BlackClock "0:09:24"]

1. d4 d5 2. c4 c6 3. Nf3 Nf6 4. Nc3 a6 5. a4 Bf5 6. Qb3 Ra7 7. g3 e6 8. Bg2 Be7
9. O-O O-O 10. a5 Nbd7 11. Bf4 h6 12. Ne5 Nxe5 13. Bxe5 Bg6 14. Qb6 Qxb6 15.
axb6 Raa8 16. c5 Nd7 17. Bc7 Rfe8 18. f4 Bd8 19. Bd6 Be7 20. Bc7 Bd8 21. Bxd8
Raxd8 22. e3 Nf6 23. Ra4 Bd3 24. Rfa1 Ng4 25. Re1 f5 26. Ra3 Be4 27. Bf1 Nf6
28. Na2 Nd7 29. Nc1 Kf7 30. Nb3 Nb8 31. Na5 Rd7 32. Kf2 g5 33. h3 Kf6 34. Be2
Rg8 35. Rg1 Ke7 36. b4 Kd8 37. Raa1 Kc8 38. Raf1 Rdg7 39. Ra1 Rf8 40. Ra3 Rfg8
41. Rga1 h5 42. Nxb7 Rxb7 43. Bxa6 Nxa6 44. Rxa6 Rgg7 45. b5 h4 46. bxc6 hxg3+
47. Kxg3 Rb8 48. c7 1-0

[Event "Czech open A"]
[Site "?"]
[Date "2013.07.27"]
[Round "9.52"]
[White "Karavade, Eesha"]
[Black "Braeuer, Franz"]
[Result "1-0"]
[ECO "A14"]
[WhiteElo "2398"]
[BlackElo "2275"]
[PlyCount "57"]
[EventDate "2013.??.??"]
[TimeControl "6000+780"]
[WhiteClock "0:42:21"]
[BlackClock "0:19:55"]

1. Nf3 Nf6 2. c4 e6 3. g3 d5 4. Bg2 Be7 5. O-O O-O 6. b3 c6 7. Bb2 Nbd7 8. Nc3
b6 9. e3 Ba6 10. Qe2 Rc8 11. Rfd1 e5 12. d4 e4 13. Nd2 Re8 14. Rac1 Bd6 15. f3
exf3 16. Qxf3 Bb4 17. e4 Bxc3 18. Qxc3 Nxe4 19. Nxe4 dxe4 20. d5 Nf6 21. Bh3
Rb8 22. dxc6 Qe7 23. Bd7 Rf8 24. Qe5 Qc5+ 25. Qxc5 bxc5 26. Be5 Nxd7 27. cxd7
Rbd8 28. Bc7 Bb7 29. Rd6 1-0

[Event "Czech open A"]
[Site "?"]
[Date "2013.07.27"]
[Round "9.53"]
[White "Le Ruyet, Leopold"]
[Black "Talla, Vladimir"]
[Result "1-0"]
[ECO "D58"]
[WhiteElo "2273"]
[BlackElo "2394"]
[PlyCount "43"]
[EventDate "2013.??.??"]
[TimeControl "6000+1640"]
[WhiteClock "0:29:01"]
[BlackClock "0:15:46"]

1. d4 d5 2. c4 e6 3. Nc3 Be7 4. Nf3 Nf6 5. Bg5 h6 6. Bh4 O-O 7. e3 b6 8. g4
Nxg4 9. Bxe7 Qxe7 10. cxd5 Bb7 11. Rg1 Nf6 12. dxe6 Qxe6 13. Ne5 Nbd7 14. Bc4
Qh3 15. Qc2 Nxe5 16. dxe5 Qxh2 17. Qg6 Ne8 18. O-O-O Qxe5 19. Qxh6 b5 20. Bd3
g6 21. Bxg6 fxg6 22. Qxg6+ 1-0

[Event "Czech open A"]
[Site "?"]
[Date "2013.07.27"]
[Round "9.54"]
[White "Seger, Ruediger"]
[Black "Jacko-Jun., Vladimir"]
[Result "0-1"]
[ECO "B22"]
[WhiteElo "2393"]
[BlackElo "2271"]
[PlyCount "82"]
[EventDate "2013.??.??"]
[TimeControl "6000+1480"]
[WhiteClock "0:31:12"]
[BlackClock "0:30:50"]

1. e4 c5 2. c3 d6 3. d4 Nf6 4. dxc5 Nc6 5. Qc2 dxc5 6. Bf4 g6 7. Na3 a6 8. Rd1
Bd7 9. Nc4 Bg7 10. Nf3 O-O 11. a4 Nh5 12. Be5 Bh6 13. a5 Qe8 14. Be2 Be6 15.
Bc7 Qc8 16. Bb6 Bxc4 17. Bxc4 Qg4 18. O-O Nf4 19. Ne1 Ne5 20. f3 Qh5 21. Bd5
Nxd5 22. Rxd5 Be3+ 23. Kh1 e6 24. Rd1 Rac8 25. Qe2 Bf4 26. g4 Qh3 27. Nd3 Nxd3
28. Rxd3 h5 29. gxh5 Qxh5 30. Rd7 Kg7 31. c4 Rh8 32. Rf2 Qe5 33. Rxb7 Rh5 34.
Qc2 Qf6 35. Rd7 Rch8 36. Rdd2 Bxh2 37. Kg2 Be5 38. Bxc5 Rh1 39. f4 R8h2+ 40.
Kf3 Qxf4+ 41. Ke2 Qg4+ 0-1

[Event "Czech open A"]
[Site "?"]
[Date "2013.07.27"]
[Round "9.55"]
[White "Poloch, Petr"]
[Black "Zwardon, Vojtech"]
[Result "1/2-1/2"]
[ECO "A30"]
[WhiteElo "2272"]
[BlackElo "2391"]
[PlyCount "62"]
[EventDate "2013.??.??"]
[TimeControl "6000+545"]
[WhiteClock "0:46:16"]
[BlackClock "0:47:47"]

1. c4 c5 2. Nf3 Nc6 3. d4 cxd4 4. Nxd4 g6 5. e4 Nf6 6. Nc3 d6 7. Be2 Nxd4 8.
Qxd4 Bg7 9. Bg5 Qa5 10. Qd2 Be6 11. f3 Rc8 12. Nd5 Qxd2+ 13. Kxd2 Nxd5 14. cxd5
Bd7 15. Rab1 h6 16. Be3 O-O 17. Bd3 a6 18. Rhc1 f5 19. b3 f4 20. Bb6 Kf7 21.
Rxc8 Rxc8 22. Rc1 Rxc1 23. Kxc1 g5 24. h3 h5 25. Kd2 g4 26. hxg4 hxg4 27. a4
Be5 28. Bf2 Kg6 29. Be2 Kg5 30. Bd3 Bb2 31. Be2 Be5 1/2-1/2

[Event "Czech open A"]
[Site "?"]
[Date "2013.07.27"]
[Round "9.57"]
[White "Jaracz, Barbara"]
[Black "Arngrimsson, Dagur"]
[Result "1/2-1/2"]
[ECO "B10"]
[WhiteElo "2270"]
[BlackElo "2384"]
[PlyCount "170"]
[EventDate "2013.??.??"]
[TimeControl "6000+970"]
[WhiteClock "0:01:22"]
[BlackClock "0:10:40"]

1. e4 c6 2. c4 d5 3. exd5 cxd5 4. cxd5 Nf6 5. Nc3 g6 6. Bc4 Bg7 7. Nf3 O-O 8.
O-O Na6 9. Qb3 Nc7 10. a4 b6 11. Ne5 Ng4 12. Nxg4 Bxg4 13. d3 Rc8 14. Bg5 h6
15. Bh4 g5 16. Bg3 e5 17. Rfe1 Re8 18. d6 Ne6 19. d7 Qxd7 20. Bb5 Qd6 21. Bxe8
Rxe8 22. Qd5 Qxd5 23. Nxd5 Nd4 24. f3 Bd7 25. Rac1 Bxa4 26. Rc7 Nb5 27. Re7 Rd8
28. Nc3 Bf8 29. R7xe5 Nxc3 30. bxc3 Rxd3 31. Ra1 Bc6 32. Rxa7 Rxc3 33. Bf2 b5
34. Re1 b4 35. Rc7 b3 36. Rc8 Rc2 37. Bd4 g4 38. Re3 gxf3 39. gxf3 Ba4 40. Rb8
Rc4 41. Bb2 Rc5 42. f4 f6 43. Ba3 b2 44. Bxb2 Rb5 45. Rxb5 Bxb5 46. Ba3 Bg7 47.
Rb3 Bc6 48. Rb6 Be4 49. Bb2 Kf7 50. Kf2 Kg6 51. Ke3 Bg2 52. Bd4 Bh3 53. Rb5 h5
54. Kf3 Bd7 55. Ra5 h4 56. Bf2 h3 57. Bd4 Bf5 58. Kg3 Bc8 59. Ra8 Be6 60. Bc5
Kf7 61. Kh4 Bh6 62. Be3 Kg6 63. Ra6 Bf5 64. Bd4 Bg7 65. Rb6 Bd7 66. Ra6 Bf5 67.
Rd6 Bc8 68. Rd8 Be6 69. Bc5 Bh6 70. Bd6 Bf5 71. Ra8 Be6 72. Kg3 Kf7 73. Rb8 Bf5
74. Kf3 Be6 75. Ke4 Bd7 76. f5 Bc6+ 77. Kd4 Bd7 78. Rb7 Ke8 79. Rb8+ Kf7 80.
Rb7 Ke8 81. Kd5 Bg5 82. Rb8+ Kf7 83. Rb7 Ke8 84. Rb8+ Kf7 85. Rb7 Ke8 1/2-1/2

[Event "Czech open A"]
[Site "?"]
[Date "2013.07.27"]
[Round "9.58"]
[White "Pasiev, Rakhim"]
[Black "Grabinsky, Vladimir"]
[Result "1/2-1/2"]
[ECO "B42"]
[WhiteElo "2384"]
[BlackElo "2258"]
[PlyCount "79"]
[EventDate "2013.??.??"]
[TimeControl "6000+1560"]
[WhiteClock "1:21:58"]
[BlackClock "0:01:11"]

1. e4 c5 2. Nf3 e6 3. d4 cxd4 4. Nxd4 a6 5. Bd3 Bc5 6. Nb3 Ba7 7. Qg4 Nf6 8.
Qe2 d6 9. c4 Nc6 10. Nc3 O-O 11. Bg5 Nd4 12. Nxd4 Bxd4 13. O-O Bd7 14. Kh1 Qa5
15. Bd2 Qb6 16. f4 Bc6 17. Rab1 Qc7 18. Rbe1 Nd7 19. Bb1 b5 20. cxb5 axb5 21.
Nxb5 Bxb5 22. Qxb5 Rfb8 23. Qd3 Bxb2 24. e5 g6 25. exd6 Qc6 26. f5 Ra3 27. Qe2
exf5 28. Bf4 Ra4 29. Bc2 Rxa2 30. Bd3 Ra4 31. Rb1 Rab4 32. Qe7 Bf6 33. Rxb4
Rxb4 34. Qe8+ Kg7 35. Qe3 Rxf4 36. Qxf4 Be5 37. Qc4 Qxd6 38. Rd1 Nf6 39. Bc2
Qe7 40. Ba4 1/2-1/2

[Event "Czech open A"]
[Site "?"]
[Date "2013.07.27"]
[Round "9.59"]
[White "Suran, Jan"]
[Black "Sochacki, Wojtek"]
[Result "1/2-1/2"]
[ECO "B06"]
[WhiteElo "2362"]
[BlackElo "2264"]
[PlyCount "31"]
[EventDate "2013.??.??"]
[TimeControl "6000+870"]
[WhiteClock "0:43:10"]
[BlackClock "1:04:43"]

1. e4 g6 2. d4 Bg7 3. Nc3 c6 4. Nf3 d5 5. h3 Nh6 6. Bf4 dxe4 7. Nxe4 Qa5+ 8.
Qd2 Qxd2+ 9. Kxd2 O-O 10. Bc4 Nd7 11. Rad1 Nf5 12. Kc1 Nf6 13. Nc3 Nd6 14. Bb3
Rd8 15. Rhe1 e6 16. Be5 1/2-1/2

[Event "Czech open A"]
[Site "?"]
[Date "2013.07.27"]
[Round "9.60"]
[White "Repka, Christopher"]
[Black "Koykka, Pekka"]
[Result "0-1"]
[ECO "D02"]
[WhiteElo "2361"]
[BlackElo "2250"]
[PlyCount "84"]
[EventDate "2013.??.??"]
[TimeControl "6000+1020"]
[WhiteClock "0:52:52"]
[BlackClock "0:32:58"]

1. d4 d5 2. Nf3 Nf6 3. Bf4 c5 4. Nc3 e6 5. e3 a6 6. Be2 Nc6 7. O-O Be7 8. Na4
cxd4 9. Nxd4 O-O 10. c4 Nxd4 11. Qxd4 Qa5 12. Nc3 dxc4 13. Qxc4 e5 14. Bg3 b5
15. Qd3 Rd8 16. Qc2 b4 17. Ne4 Bb7 18. Nxf6+ Bxf6 19. Rfd1 Rac8 20. Qf5 Rxd1+
21. Rxd1 Rd8 22. Bd3 Kf8 23. Qxh7 e4 24. Be2 Rxd1+ 25. Bxd1 b3 26. Bd6+ Ke8 27.
g3 Qe1+ 28. Kg2 Qxd1 29. Qg8+ Kd7 30. Qxf7+ Kxd6 31. axb3 Qf3+ 32. Kg1 Qd1+ 33.
Kg2 Qd5 34. Qf8+ Kc7 35. Qb4 Bxb2 36. Qe7+ Kb8 37. b4 Ka7 38. h4 Bc3 39. g4 Qb5
40. g5 Qxb4 41. Qc7 Qa5 42. Qc4 Qe5 0-1

[Event "Czech open A"]
[Site "?"]
[Date "2013.07.27"]
[Round "9.61"]
[White "Farkas, Gabor"]
[Black "Postupa, Pavel"]
[Result "0-1"]
[ECO "A15"]
[WhiteElo "2359"]
[BlackElo "2229"]
[PlyCount "110"]
[EventDate "2013.??.??"]
[TimeControl "6000+825"]
[WhiteClock "1:25:11"]
[BlackClock "0:45:09"]

1. c4 Nf6 2. Nf3 g6 3. d4 Bg7 4. g3 d5 5. cxd5 Nxd5 6. Bg2 Nb6 7. O-O Nc6 8. e3
O-O 9. Nc3 Re8 10. Bd2 a5 11. a3 e5 12. d5 Nxd5 13. Nxd5 Qxd5 14. Nd4 e4 15.
Nxc6 Qxc6 16. Rc1 Qb6 17. Qa4 c6 18. b4 Be6 19. bxa5 Qb2 20. Qb4 Red8 21. Bc3
Bxc3 22. Rxc3 Qxb4 23. axb4 f5 24. Rc2 Rd3 25. Rb1 Rad8 26. Bf1 Rd1 27. Rcc1
Rxc1 28. Rxc1 Kf7 29. Kg2 Ke7 30. b5 cxb5 31. Bxb5 Rc8 32. Rb1 Ra8 33. Be2 Bd5
34. Ra1 Kd6 35. g4 fxg4 36. Bxg4 b6 37. a6 Bc4 38. a7 b5 39. Rd1+ Bd3 40. Be2
Kc5 41. Bxd3 exd3 42. Rxd3 Rxa7 43. Kf3 b4 44. Rd8 b3 45. Rb8 Kc4 46. e4 Kc3
47. Kf4 b2 48. Kg5 Ra1 49. Rxb2 Kxb2 50. f4 Kc3 51. f5 gxf5 52. exf5 Kd4 53. f6
Rf1 54. h4 Ke5 55. Kh6 Kxf6 0-1

[Event "Czech open A"]
[Site "?"]
[Date "2013.07.27"]
[Round "9.62"]
[White "Kokol, Peter"]
[Black "Gutenev, Alexander"]
[Result "0-1"]
[ECO "B48"]
[WhiteElo "2260"]
[BlackElo "2350"]
[PlyCount "72"]
[EventDate "2013.??.??"]
[TimeControl "6000+770"]
[WhiteClock "0:08:23"]
[BlackClock "0:35:50"]

1. e4 c5 2. Nf3 Nc6 3. d4 cxd4 4. Nxd4 Qc7 5. Nc3 e6 6. Be3 a6 7. Bd3 Nf6 8.
O-O Nxd4 9. Bxd4 Bc5 10. Bxc5 Qxc5 11. Qe2 d6 12. a4 O-O 13. Nd1 Bd7 14. c3
Rac8 15. b4 Qh5 16. f3 a5 17. Qb2 d5 18. Nf2 Rc7 19. bxa5 dxe4 20. Nxe4 Nxe4
21. Bxe4 Qxa5 22. Qb4 b6 23. Bxh7+ Kxh7 24. Qxf8 Bxa4 25. Rfd1 b5 26. Rd8 Qxc3
27. Qh8+ Kg6 28. Rf1 Qe3+ 29. Kh1 Rc1 30. Rdd1 Rxd1 31. Rxd1 Bxd1 32. h4 Qe1+
33. Kh2 Qe5+ 34. Kh3 Qf5+ 35. Kh2 b4 36. Qb8 b3 0-1

[Event "Czech open A"]
[Site "?"]
[Date "2013.07.27"]
[Round "9.63"]
[White "Linster, Philippe"]
[Black "Dauth, Benjamin"]
[Result "0-1"]
[ECO "C63"]
[WhiteElo "2253"]
[BlackElo "2349"]
[PlyCount "84"]
[EventDate "2013.??.??"]
[TimeControl "6000+1395"]
[WhiteClock "0:32:50"]
[BlackClock "0:56:53"]

1. e4 e5 2. Nf3 Nc6 3. Bb5 f5 4. d3 Bc5 5. O-O d6 6. exf5 Bxf5 7. d4 exd4 8.
Re1+ Kf8 9. Bxc6 bxc6 10. Bg5 Qd7 11. Nxd4 h6 12. Nxf5 Qxf5 13. Be3 Nf6 14. Nc3
Kf7 15. Bxc5 Qxc5 16. Ne4 Nxe4 17. Rxe4 Rhe8 18. Qf3+ Kg8 19. Rae1 Rxe4 20.
Qxe4 Rb8 21. b3 Rf8 22. Re2 Rf6 23. g3 d5 24. Qe7 Qd4 25. Qe8+ Kh7 26. Kg2 c5
27. Qe3 Qxe3 28. Rxe3 Ra6 29. Rc3 c4 30. bxc4 d4 31. Rd3 c5 32. a3 Ra4 33. Kf3
Rxc4 34. Rd2 Rc3+ 35. Ke4 Rxa3 36. Rd3 Rxd3 37. Kxd3 a5 38. Kc4 a4 39. f4 Kg6
40. g4 Kf6 41. c3 a3 42. Kb3 d3 0-1

[Event "Czech open A"]
[Site "?"]
[Date "2013.07.27"]
[Round "9.64"]
[White "Golubov, Saveliy"]
[Black "Krensing, Jan"]
[Result "0-1"]
[ECO "C18"]
[WhiteElo "2242"]
[BlackElo "2325"]
[PlyCount "77"]
[EventDate "2013.??.??"]
[TimeControl "6000+1565"]
[WhiteClock "0:27:49"]
[BlackClock "0:33:03"]

1. e4 e6 2. d4 d5 3. Nc3 Bb4 4. e5 c5 5. a3 Bxc3+ 6. bxc3 Qc7 7. Nf3 Ne7 8. Bd3
b6 9. O-O Ba6 10. Bxa6 Nxa6 11. a4 Nb8 12. dxc5 bxc5 13. c4 O-O 14. cxd5 Nxd5
15. Qd3 h6 16. Qe4 Nc6 17. c4 Ndb4 18. Be3 Nd4 19. Nxd4 cxd4 20. Bxd4 Qxc4 21.
Rfc1 Qd5 22. Qxd5 Nxd5 23. a5 a6 24. Rc6 Rfb8 25. Bb6 Nxb6 26. Rxb6 Rc8 27. f4
Rc2 28. Rab1 Ra2 29. Rb7 Rc8 30. R1b2 Rxa5 31. Ra7 g5 32. fxg5 hxg5 33. h3 Rc1+
34. Kh2 Rf1 35. Rb6 Rf5 36. Rbxa6 Rxa6 37. Rxa6 Rxe5 38. Kg3 Kg7 39. h4 0-1

[Event "Czech open A"]
[Site "?"]
[Date "2013.07.27"]
[Round "9.65"]
[White "Mueer, Sebastian"]
[Black "Zubritskiy, Artyom"]
[Result "1/2-1/2"]
[ECO "A37"]
[WhiteElo "2202"]
[BlackElo "2320"]
[PlyCount "84"]
[EventDate "2013.??.??"]
[TimeControl "6000+1375"]
[WhiteClock "0:22:17"]
[BlackClock "0:28:19"]

1. c4 c5 2. g3 Nc6 3. Bg2 g6 4. Nc3 Bg7 5. Nf3 d6 6. O-O e5 7. a3 a5 8. Ne1
Nge7 9. Nc2 O-O 10. Rb1 a4 11. d3 Bd7 12. Ne3 Nd4 13. Bxb7 Rb8 14. Bg2 Nb3 15.
Ned5 Nxd5 16. Nxd5 Nxc1 17. Qxc1 Rb3 18. Qd2 Kh8 19. Rfc1 Qb8 20. Rc3 Rb7 21.
e4 Bc6 22. Bf3 f5 23. Bd1 Qa7 24. b4 fxe4 25. dxe4 Bxd5 26. Qxd5 Rbf7 27. b5
Qa5 28. Qd3 Rxf2 29. Bg4 h5 30. Bh3 Bh6 31. Rf1 Rxf1+ 32. Bxf1 Qc7 33. Qe2 Qa5
34. Rf3 Rxf3 35. Qxf3 Qd2 36. b6 Kg7 37. Qe2 Qc3 38. Qd3 Qb2 39. Be2 Qxb6 40.
Bd1 Qa6 41. h4 Bc1 42. Kf2 Qa5 1/2-1/2